 Dungeon Crawl Stone Soup version 0.27-a0-1579-g97d2440184 (webtiles) character file.

Game seed: 4181524401899690371

40 MovingMist the Skirmisher (level 3, -3/23 HPs)
             Began as a Gargoyle Fighter on July 17, 2021.
             Frozen to death by an endoplasm (4 damage)
             ... on level 1 of the Dungeon.
             The game lasted 00:02:01 (1203 turns).

MovingMist the Skirmisher (Gargoyle Fighter)        Turns: 1203, Time: 00:02:01

Health: -3/23      AC: 10    Str: 19    XL:     3   Next: 50%
Magic:  3/3        EV:  7    Int:  8    God:
Gold:   17         SH:  9    Dex: 10    Spells: 2/2 levels left

rFire    . . .     SeeInvis .   a - +0 flail
rCold    . . .     Faith    .   c - +0 kite shield
rNeg     + . .     Spirit   .   b - +0 scale mail
rPois    ∞         Reflect  .   (no helmet)
rElec    +         Harm     .   (no cloak)
rCorr    .         Rampage  .   (no gloves)
Will     .....                  (no boots)
Stlth    ..........             (no amulet)
HPRegen  0.07/turn              (no ring)
MPRegen  0.08/turn              (no ring)

@: no status effects
A: sickness immunity, AC +3, negative energy resistance 1, electricity
resistance, torment resistance 1, petrification resistance
a: no special abilities


You were on level 1 of the Dungeon.
You visited 1 branch of the dungeon, and saw 2 of its levels.

You collected 17 gold pieces.

Inventory:

Hand Weapons
 a - a +0 flail (weapon)
Armour
 b - a +0 scale mail (worn)
 c - a +0 kite shield (worn)
Scrolls
 e - a scroll of summoning {unknown}
 f - 3 scrolls of enchant weapon {unknown}
Potions
 d - a potion of might


   Skills:
 + Level 3.6 Fighting
 + Level 2.4 Maces & Flails
 + Level 3.6 Armour
 * Level 1.4 Dodging
 - Level 3.2 Shields


You had 2 spell levels left.
You didn't know any spells.
Your spell library was empty.

Dungeon Overview and Level Annotations

Branches:
Dungeon (2/15)

Altars:


Innate Abilities, Weirdness & Mutations

You are immune to sickness and miasma.
Your stone body is resilient. (AC +3)
You are immune to poison.
You resist negative energy. (rN+)
You are resistant to electric shocks. (rElec)
You are resistant to unholy torment.
You are immune to petrification.


Message History

Robin closely misses you.
You see here a hobgoblin corpse.
The endoplasm hits you but does no damage.
You see here a bat skeleton.
You block the endoplasm's attack. Robin hits you but does no damage.
You see here a +0 dagger.
Robin hits you with a +0 dagger.
Things that are here:
a hobgoblin skeleton; a jackal skeleton You closely miss Robin.
Robin barely misses you. You block Robin's attack.
You closely miss Robin. You block Robin's attack.
You hit Robin but do no damage. You block Robin's attack.
Robin hits you but does no damage.
You hit Robin.
Robin is moderately wounded.
Robin hits you with a +0 dagger.
You sock Robin!
Robin is almost dead.
Robin hits you but does no damage. Robin hits you with a +0 dagger.
You are too injured to fight recklessly!
You are too injured to fight recklessly!
You are too injured to fight recklessly!
You are too injured to fight recklessly!
You are too injured to fight recklessly!
You are too injured to fight recklessly!
You are too injured to fight recklessly!
You hit Robin.
You kill Robin!
The endoplasm freezes you.
You are frozen.
* * * LOW HITPOINT WARNING * * *
You completely miss the endoplasm. The endoplasm freezes you.
You are frozen.
* * * LOW HITPOINT WARNING * * *
You hit the endoplasm.
The endoplasm is almost dead.
The endoplasm freezes you.
You are frozen.
You die...

################
+@J.............
###.............
#....)))######
#....†>)#
#....)÷)#
#.......#
#.......#
#.......#
#...########


You could see an endoplasm.

Vanquished Creatures
  Robin (D:1)
  2 bats (D:1)
  7 goblins (D:1)
  8 hobgoblins
  3 jackals (D:1)
  A quokka (D:1)
  A frilled lizard (D:2)
  A kobold (D:2)
  A rat (D:2)
25 creatures vanquished.

Notes
Turn   | Place    | Note
-------+----------+-------------------------------------------
     0 | D:1      | MovingMist the Gargoyle Fighter began the quest for the
                  | Orb.
     0 | D:1      | Reached XP level 1. HP: 14/14 MP: 1/1
    42 | D:1      | You fall into a shaft and drop 1 floor!
   254 | D:2      | Reached XP level 2. HP: 19/19 MP: 2/2
   436 | D:2      | Noticed Robin
   638 | D:1      | Reached skill level 1 in Dodging
   945 | D:1      | Reached XP level 3. HP: 23/23 MP: 3/3
  1201 | D:1      | Killed Robin
  1202 | D:1      | HP: 1/23 [frozen (5)]
  1203 | D:1      | Frozen to death by an endoplasm

Illustrated notes

Levels and vault maps discovered:
D:1:      dpeg_arrival_water_temple_mockup, layout_basic,
          ebering_ecumenical_altar_box
D:2:      layout_rooms, basic_altar, feat_on_display, uniq_robin

Skill      XL: |  1  2 |
---------------+-------+-----
Dodging        | 1 |  1.4
Fighting       | |  3.6
Maces & Flails | |  2.4
Armour         | |  3.6
Shields        | |  3.2

Action                   || total
-------------------------++-------
Melee: Flail             ||   105
Armor: Scale mail        ||    94
Dodge: Dodged            ||    56
Block: Kite shield       ||   109

Table legend: (Time is in decaauts)
 A = Elapsed time spent in this place.
 B = Non-inter-level travel time spent in this place.
 C = Inter-level travel time spent in this place.
 D = Time resting spent in this place.
 E = Time spent auto-exploring this place.
 F = Levels seen in this place.
 G = Mean time per level.
                   A        B        C        D        E       F      G
               +--------+--------+--------+--------+--------+-----+--------+
         Total |   1263 |   1263 |      0 |    858 |     77 |   2 |  631.5 |
       Dungeon |   1263 |   1263 |      0 |    858 |     77 |   2 |  631.5 |
               +--------+--------+--------+--------+--------+-----+--------+

Top non-repeatable levels by time:
     D:1: 990 daAuts
     D:2: 272 daAuts
